 Dungeon Crawl Stone Soup version 0.28.0-47-ge53b351184 (webtiles) character file.

Game seed: 17753777192499088656

126 pkoi the Firebug (level 4, 0/33 HPs)
             Began as a Demigod Fire Elementalist on Apr 27, 2022.
             Slain by Natasha (6 damage)
             ... on level 3 of the Dungeon.
             The game lasted 00:04:03 (3631 turns).

pkoi the Firebug (Demigod Fire Elementalist)        Turns: 3631, Time: 00:04:03

Health: 0/33       AC:  5    Str:  9    XL:     4   Next: 55%
Magic:  0/9        EV: 12    Int: 21    God:
Gold:   81         SH:  0    Dex: 14    Spells: 0/6 levels left

rFire   . . .      SeeInvis .   d - +0 dagger
rCold   . . .      Faith    .   (no shield)
rNeg    . . .      Spirit   .   a - +0 robe
rPois   .          Reflect  .   (no helmet)
rElec   .          Harm     .   c - scarf {+Inv}
rCorr   .          Rampage  .   h - +2 pair of gloves
Will    .....                   (no boots)
Stlth   ++........              (no amulet)
HPRegen 0.11/turn               (no ring)
MPRegen 0.11/turn               (no ring)

@: no status effects
A: high MP 1, forlorn, divine attributes
a: Evoke Invisibility


You were on level 3 of the Dungeon.
You visited 1 branch of the dungeon, and saw 3 of its levels.

You collected 81 gold pieces.

Inventory:

Hand Weapons
 d - a +0 dagger (weapon)
Armour
 a - a +0 robe (worn)
 c - a scarf of invisibility (worn)
 h - a +2 pair of gloves (worn)
Scrolls
 e - a scroll of fear {unknown}
 i - 2 scrolls of holy word {unknown}
 j - a scroll of teleportation {unknown}
Potions
 f - a potion of curing {unknown}
 g - 2 potions of brilliance {unknown}


   Skills:
 - Level 1.7 Dodging
 - Level 1.7 Stealth
 - Level 1.7 Spellcasting
 + Level 2.5 Conjurations
 + Level 0.5 Hexes
 + Level 3.6 Fire Magic
 - Level 2.0 Evocations


You couldn't memorise any spells.
You knew the following spells:

 Your Spells              Type           Power      Damage    Failure   Level
a - Foxfire               Conj/Fire      56%        2x1d6     4%          1
b - Scorch                Fire           34%        2d6       4%          2
c - Inner Flame           Hex/Fire       10%        N/A       19%         3

Your spell library contained the following spells:

 Spells                   Type           Power      Damage    Failure   Level
 Magic Dart               Conj           48%        1d5       5%          1
 Conjure Flame            Conj/Fire      14%        6-21      13%         3
 Call Imp                 Summ           1%         N/A       22%         2
 Mephitic Cloud           Conj/Pois/Air  5%         N/A       32%         3
 Portal Projectile        Hex/Tloc       4%         N/A       38%         3
 Flame Wave               Conj/Fire      14%        2d6       38%         4
 Call Canine Familiar     Summ           1%         N/A       41%         3
 Leda's Liquefaction      Hex/Erth       1%         N/A       80%         4


Dungeon Overview and Level Annotations

Branches:
Dungeon (3/15)

Annotations:
D:3 Natasha


Innate Abilities, Weirdness & Mutations

You have an increased reservoir of magic. (+10% MP)
You shall have no god before yourself.
Your divine heritage dramatically boosts your attributes as you level up.


Message History

The magic dart hits you.
* * * LOW HITPOINT WARNING * * *
Casting: Foxfire (safe; 4% risk of failure)
Press: ? - help, Q - select action, (/) - cycle Dir - look around, f - activate You conjure some foxfire!
The foxfire hits Natasha.
Natasha is heavily wounded.
Unknown command.
You hit Natasha.
Natasha is heavily wounded.
The foxfire hits Natasha.
Natasha is severely wounded.
Natasha claws you.
* * * LOW HITPOINT WARNING * * *
Unknown command.
Casting: Foxfire (safe; 4% risk of failure)
Press: ? - help, Q - select action, (/) - cycle Dir - look around, f - activate You conjure some foxfire!
Natasha mewls in sadness.
Natasha closely misses you.
Unknown command.
You hit Natasha but do no damage.
Natasha is severely wounded.
The foxfire hits Natasha.
Natasha is severely wounded.
Natasha extends her claws.
Natasha stares at you and mumbles some strange words.
You resist with some effort.
You don't have enough magic to cast this spell.
You don't have enough magic to cast this spell.
Unknown command.
You aren't carrying any items that you can evoke.
Unknown command.
Okay, then.
As you read the scroll labelled ANYKLIE LEULEXT, it crumbles to dust.
It is a scroll of amnesia.
Really abort (and waste the scroll)?
Okay, then.
Natasha claws you.
You die...

#####.#
#@....#
#h###.#
#5# #.#
#.# #.#
#<# #.#
#.#


You could see Natasha and a white imp (summoned).

Vanquished Creatures
  An orc priest (D:3)
  Natasha (twice) (D:2)
  2 dart slugs (D:1)
  3 orcs (D:3)
  3 bats
  4 endoplasms
  2 goblins (D:1)
  4 hobgoblins
  2 quokkas
  6 ball pythons
  2 frilled lizards
  A quokka skeleton (D:2)
  8 rats
40 creatures vanquished.

Vanquished Creatures (others)
  133 foxfires
133 creatures vanquished.

Grand Total: 173 creatures vanquished

Notes
Turn   | Place    | Note
-------+----------+-------------------------------------------
     0 | D:1      | pkoi the Demigod Fire Elementalist began the quest for the
                  | Orb.
     0 | D:1      | Reached XP level 1. HP: 14/14 MP: 5/5
    56 | D:1      | Reached skill level 1 in Conjurations
   612 | D:1      | Reached XP level 2. HP: 20/20 MP: 2/7
   760 | D:1      | Learned a level 2 spell: Scorch
   803 | D:1      | Reached skill level 3 in Fire Magic
  1091 | D:1      | Reached skill level 1 in Evocations
  1920 | D:2      | Noticed Natasha
  1933 | D:2      | Killed Natasha
  1934 | D:2      | Reached XP level 3. HP: 9/26 MP: 2/8
  2303 | D:2      | Noticed Natasha
  2312 | D:2      | Killed Natasha
  2313 | D:2      | Reached XP level 4. HP: 33/33 MP: 1/9
  2870 | D:2      | Noticed Natasha
  3313 | D:3      | Learned a level 3 spell: Inner Flame
  3631 | D:3      | Slain by Natasha

Illustrated notes

Levels and vault maps discovered:
D:1:      lemuel_arrival_behind_the_door_small, layout_basic
D:2:      wad_crossroads, layout_loops_corners, uniq_natasha
D:3:      gammafunk_wand_slinger, layout_basic, mainiacjoe_overflow_24_doors,
          mainiacjoe_overflow_catwalk, mainiacjoe_overflow_boulevard,
          serial_shops, shop_statue, uniq_ijyb

Skill      XL: |  1  2  3  4 |
---------------+-------------+-----
Conjurations   | 1 2 |  2.5
Fire Magic     | 3 |  3.6
Evocations     | 1 2 |  2.0
Dodging        | |  1.7
Stealth        | |  1.7
Spellcasting   | |  1.7
Hexes          | |  0.5

Action                   |  1- 3 |  4- 6 || total
-------------------------+-------+-------++-------
Melee: Dagger            |    20 |    20 ||    40
       Punch             |     1 |       ||     1
 Cast: Foxfire           |    54 |    30 ||    84
       Inner Flame       |       |     1 ||     1
  Use: Scroll            |       |     1 ||     1
 Stab: Sleeping          |       |     3 ||     3
Armor: Robe              |     4 |    13 ||    17
Dodge: Dodged            |    20 |    41 ||    61
